 Dungeon Crawl Stone Soup version 0.21-a0-582-g1b93aee (webtiles) character file.

383 sithsevirus the Sneak (level 6, 0/47 HPs)
             Began as a Vampire Assassin on Dec 19, 2017.
             Slain by an ice beast (11 damage)
             ... on level 3 of the Dungeon.
             The game lasted 00:12:33 (3508 turns).

sithsevirus the Sneak (Vampire Assassin)            Turns: 3508, Time: 00:12:36

Health: 0/47       AC:  4    Str: 10    XL:     6   Next: 47%
Magic:  6/6        EV: 14    Int: 13    God:
Gold:   159        SH:  0    Dex: 18    Spells: 5/5 levels left

rFire    . . .     SeeInvis +   i - +0 dagger (venom)
rCold    . . .     Gourm    .   (no shield)
rNeg     . . .     Faith    .   k - +0 leather armour
rPois    .         Spirit   .   (no helmet)
rElec    .         Reflect  .   v - +0 cloak
rCorr    .         Harm     .   (no gloves)
MR       .....                  (no boots)
Stlth    ++++......             (no amulet)
HPRegen  0.35/turn              (no ring)
MPRegen  0.10/turn              (no ring)

@: regenerating quickly
A: fangs 3, see invisible, unbreathing
a: no special abilities


You were on level 3 of the Dungeon.
You were almost alive.

You visited 1 branch of the dungeon, and saw 6 of its levels.

You collected 159 gold pieces.

Inventory:

Hand Weapons
 a - a +2 dagger
 b - a +0 blowgun
 i - a +0 dagger of venom (weapon)
Missiles
 e - 18 poisoned needles
 f - 2 curare-tipped needles
 m - 21 stones (quivered)
 r - 4 javelins
Armour
 k - a +0 leather armour (worn)
 v - a +0 cloak (worn)
Scrolls
 c - 2 scrolls of fog {unknown}
 d - a scroll of enchant weapon {unknown}
 h - 3 scrolls of enchant armour {unknown}
 l - a scroll of random uselessness {unknown}
 o - a scroll of magic mapping {unknown}
 q - a scroll of noise {unknown}
 s - a scroll of identify {unknown}
Potions
 g - 25 potions of blood
 j - 3 potions of curing {unknown}
 n - a potion of degeneration {unknown}
 p - a potion of berserk rage {unknown}
 t - a potion of flight {unknown}
 u - a potion of heal wounds {unknown}


   Skills:
 + Level 3.5 Fighting
 + Level 4.2 Short Blades
 - Level 1.5 Throwing
 + Level 3.7 Dodging
 + Level 7.7 Stealth


You had 5 spell levels left.
You didn't know any spells.

Dungeon Overview and Level Annotations

Branches:
Dungeon (6/15)
 Temple: D:4-7

Altars:
Okawaru

Annotations:
D:4 Blork the orc


Innate Abilities, Weirdness & Mutations

Your natural rate of healing is unusually fast.
You have razor-sharp teeth.
You have supernaturally acute eyesight. (SInv)
You can survive without breathing.


Message History

The ice beast is heavily wounded.
The ice beast hits you but does no damage.
You completely miss the ice beast.
The ice beast is heavily wounded.
You hit the ice beast.
The ice beast looks even sicker.
Your bite misses the ice beast.
The ice beast is heavily wounded.
The ice beast closely misses you.
You hit the ice beast but do no damage.
You bite the ice beast, but do no damage.
The ice beast is heavily wounded.
The ice beast hits you. The ice beast freezes you.
* * * LOW HITPOINT WARNING * * *
You hit the ice beast.
The ice beast looks as sick as possible!
The ice beast is severely wounded.
The ice beast hits you.
* * * LOW HITPOINT WARNING * * *
The ice beast freezes you!
You die...

#.........###...........#########
#.....÷....##.........##########.
#####.................##......##.
#.#..........)...###......##.
###.#................#.....>...
##...#...........###....#÷#..##.
#..###......................####
#.#.............###.........####
#.#.##........Y@................
#<[.............................
#.###....#<##..............##...
##.###)...............##..#.###..
#....)................#........##
#..###....##...................#
##..#########....>....#........#
##..# ##.........#........# ##.#
#..........#........##


You could see an ice beast.

Vanquished Creatures
  An ogre (D:4)
  A bullfrog (D:6)
  A crimson imp (D:5)
  3 gnolls (D:3)
  8 adders
  2 worms
  4 dart slugs
  A leopard gecko (D:1)
  4 orcs
  7 bats
  4 giant cockroaches
  3 goblins
  11 hobgoblins
  16 jackals
  2 quokkas
  A ball python (D:3)
  5 frilled lizards
  A jackal skeleton (D:4)
  8 kobolds
  7 rats
90 creatures vanquished.

Notes
Turn   | Place    | Note
-------+----------+-------------------------------------------
     0 | D:1      | sithsevirus the Vampire Assassin began the quest for the Orb.
     0 | D:1      | Reached XP level 1. HP: 16/16 MP: 1/1
    71 | D:1      | Reached skill level 6 in Stealth
   262 | D:1      | Reached XP level 2. HP: 22/22 MP: 2/2
   478 | D:1      | Reached XP level 3. HP: 19/27 MP: 3/3
  1430 | D:2      | Reached XP level 4. HP: 25/34 MP: 4/4
  2656 | D:3      | Reached XP level 5. HP: 38/40 MP: 5/5
  2812 | D:3      | Reached skill level 7 in Stealth
  3036 | D:3      | You fall through a shaft for 3 floors!
  3147 | D:5      | Entered Level 5 of the Dungeon
  3151 | D:5      | Noticed an ice beast
  3172 | D:5      | Noticed an ogre
  3182 | D:5      | Reached XP level 6. HP: 47/47 MP: 6/6
  3294 | D:4      | Found an iron altar of Okawaru.
  3308 | D:4      | Noticed Blork the orc
  3508 | D:3      | Slain by an ice beast

Vault maps used:
D:1:      minmay_arrival_wavy_path
D:3:      first_ration
D:4:      okawaru_ov_weapons_minmay, uniq_blork_the_orc
D:5:      temple_fountains
D:6:      lemuel_doored_altar, serial_shops, shop, minmay_divided_ellipse

Skill      XL: |  1  2  3  4  5  6 |
---------------+-------------------+-----
Stealth        | 6 7 |  7.7
Fighting       | 2 3 |  3.5
Dodging        | 2 3 |  3.7
Short Blades   | 3 4 |  4.2
Throwing       | |  1.5

Action                   |  1- 3 |  4- 6 || total
-------------------------+-------+-------++-------
Melee: Dagger            |   124 |   180 ||   304
       Bite              |    15 |    26 ||    41
Throw: Stone             |       |     3 ||     3
  Use: Potion            |       |    16 ||    16
 Stab: Sleeping          |     7 |    14 ||    21
       Distracted        |     1 |     1 ||     2
Armor: Robe              |    10 |       ||    10
       Leather armour    |    14 |    41 ||    55
Dodge: Dodged            |    61 |   121 ||   182

Table legend:
 A = Spawn XP
 B = Non-spawn XP
 C = Spawn XP percentage of total XP
 D = Spawn monster count
 E = Non-spawn monster count
 F = Spawn count percentage of total count
 G = Total turns spent on level
                    A         B        C        D         E        F      G
               +---------+---------+-------+---------+---------+-------+---------
         Total |       0 |     548 |   0.0 |       0 |      90 |   0.0 |  3508
               +---------+---------+-------+---------+---------+-------+---------
           D:1 |       0 |      57 |   0.0 |       0 |      28 |   0.0 |  1149
           D:2 |       0 |     103 |   0.0 |       0 |      25 |   0.0 |  1174
           D:3 |       0 |     108 |   0.0 |       0 |      25 |   0.0 |   742
           D:4 |       0 |     144 |   0.0 |       0 |       9 |   0.0 |   252
           D:5 |       0 |      50 |   0.0 |       0 |       1 |   0.0 |    80
           D:6 |       0 |      86 |   0.0 |       0 |       2 |   0.0 |   111
               +---------+---------+-------+---------+---------+-------+---------
